 Dungeon Crawl Stone Soup version 0.27-a0-972-gd1521fd518 (webtiles) character file.

Game seed: 7714659974189024394

88 Morbidden the Conjurer (level 4, 0/27 HPs)
             Began as an Octopode Conjurer on Apr 13, 2021.
             Slain by an iguana (5 damage)
             ... on level 3 of the Dungeon.
             The game lasted 00:02:06 (2353 turns).

Morbidden the Conjurer (Octopode Conjurer)          Turns: 2353, Time: 00:02:07

Health: 0/27       AC:  1    Str:  6    XL:     4   Next: 53%
Magic:  3/7        EV: 13    Int: 21    God:
Gold:   76         SH:  0    Dex: 10    Spells: 5/8 levels left

rFire    . . .     SeeInvis .   (no weapon)
rCold    . . .     Faith    .   (no shield)
rNeg     . . .     Spirit   .   (helmet restricted)
rPois    .         Reflect  .   (no amulet)
rElec    .         Harm     .   (no ring)
rCorr    .         Rampage  .   (no ring)
Will     .....                  (no ring)
Stlth    +++.......             (no ring)
HPRegen  0.09/turn              (no ring)
MPRegen  0.10/turn              (no ring)
                                (no ring)
                                (no ring)

@: no status effects
A: almost no armour, amphibious, 8 rings, camouflage 1, gelatinous body 1,
(nimble swimmer 1), tentacles
a: no special abilities


You were on level 3 of the Dungeon.
You visited 1 branch of the dungeon, and saw 3 of its levels.

You collected 76 gold pieces.

Inventory:

Missiles
 f - 12 poisoned darts (quivered)
Jewellery
 c - a ring of willpower
Scrolls
 e - a scroll of amnesia
Potions
 a - a potion of curing


   Skills:
 * Level 0.3 Fighting
 + Level 2.2 Dodging
 + Level 3.2 Stealth
 * Level 2.5 Spellcasting
 * Level 5.2 Conjurations


You had 5 spell levels left.
You knew the following spells:

 Your Spells              Type           Power      Damage    Failure   Level
a - Magic Dart            Conj           96%        1d7       1%          1
b - Searing Ray           Conj           48%        3d5       2%          2

Your spell library contained the following spells:

 Spells                   Type           Power      Damage    Failure   Level
 Dazzling Flash           Conj/Hex       26%        N/A       14%         3
 Fulminant Prism          Conj/Hex       6%         3d7       43%         4
 Iskenderun's Mystic Bla  Conj/Tloc      13%        2d5       43%         4


Dungeon Overview and Level Annotations

Branches:
Dungeon (3/15)

Altars:

Shops:
D:2 (


Innate Abilities, Weirdness & Mutations

You cannot wear most types of armour.
You are amphibious.
You can wear up to eight rings at the same time.
Your skin changes colour to match your surroundings (Stealth+).
Your rubbery body absorbs attacks. (AC +1, EV +1)
((You are camouflaged near water. (Stealth+)))
You have tentacles for arms and can constrict up to eight enemies at once.


Message History

As you read the scroll labelled FIUDULI SIUSM, it crumbles to dust.
It is a scroll of identify.
e - a scroll of amnesia
As you read the scroll of identify, it crumbles to dust.
a - a potion of curing
As you read the scroll of identify, it crumbles to dust.
b - a potion of magic Unknown command.
Unknown command.
Casting: Searing Ray (safe; 2% risk of failure)
Confirm with . or Enter, or press ? or * to list all spells.
Aiming: Searing Ray (safe; 2% risk of failure)
Press: ? - help, Shift-Dir - straight line, f - orc
Aim: an orc, wielding a +0 flail and wearing a +0 leather armour (21% to evade)
The searing ray hits the orc!
You kill the orc! (Press . to maintain the ray.) Unknown command.
Unknown command.
Magic courses through your body.
Casting: Searing Ray (safe; 2% risk of failure)
Confirm with . or Enter, or press ? or * to list all spells.
Aiming: Searing Ray (safe; 2% risk of failure)
Press: ? - help, Shift-Dir - straight line, f - iguana
Aim: an iguana (18% to evade)
The searing ray hits the iguana.
The iguana is heavily wounded. (Press . to maintain the ray.)
The iguana bites you.
The searing ray misses the iguana.
The searing ray hits the orc!
You kill the orc!
The iguana bites you!
Ouch! That really hurt!
Unknown command.
The searing ray misses the iguana.
The iguana bites you!
* * * LOW HITPOINT WARNING * * *
The searing ray hits the iguana!
The iguana is almost dead.
You finish channeling your searing ray.
The iguana bites you.
You die...

#...........
#.l.........###.
#...............
#....#..........
+...............
#.............
#..o<.......
#..#l####.######
#........)).l@.#
#.##.####.####.#
# #.. #.# .# ##.
#.# .# .. #.# .#
#. #.# .# .##.#
.# #.# .#


You could see an iguana.

Vanquished Creatures
  3 adders (D:2)
  3 worms (D:2)
  5 orcs (D:3)
  4 bats
  2 endoplasms
  4 giant cockroaches
  3 goblins
  4 hobgoblins
  2 jackals (D:1)
  4 kobolds (D:1)
  A quokka (D:1)
  3 ball pythons
  A frilled lizard (D:1)
  5 rats
44 creatures vanquished.

Notes
Turn   | Place    | Note
-------+----------+-------------------------------------------
     0 | D:1      | Morbidden the Octopode Conjurer began the quest for the
                  | Orb.
     0 | D:1      | Reached XP level 1. HP: 11/11 MP: 3/3
    50 | D:1      | Found a faded altar of an unknown god.
   238 | D:1      | Reached XP level 2. HP: 11/17 MP: 5/5
   707 | D:1      | Learned a level 2 spell: Searing Ray
   964 | D:1      | Reached XP level 3. HP: 21/21 MP: 4/6
  1633 | D:2      | Found Iraf's Weapon Shop.
  1735 | D:2      | Reached skill level 5 in Conjurations
  1803 | D:2      | Reached XP level 4. HP: 22/27 MP: 0/7
  2353 | D:3      | Slain by an iguana

Illustrated notes

Levels and vault maps discovered:
D:1:      scummos_arrival_simple_fountains, layout_basic,
          ebering_ecumenical_altar_hall
D:2:      layout_rooms, serial_shops, nicolae_shop_waterfront
D:3:      kennysheep_goblin_castle, layout_basic, gup_sewer_entry_bowl,
          grunt_ministairs_10

Skill      XL: |  1  2  3 |
---------------+----------+-----
Conjurations   | 5 |  5.2
Stealth        | 3 |  3.2
Fighting       | |  0.3
Dodging        | |  2.2
Spellcasting   | |  2.5

Action                   |  1- 3 |  4- 6 || total
-------------------------+-------+-------++-------
Melee: Unarmed           |    19 |       ||    19
       Constrict         |     5 |       ||     5
       Tentacles         |     1 |       ||     1
 Cast: Magic Dart        |    56 |    12 ||    68
       Searing Ray       |     2 |     5 ||     7
  Use: Scroll            |       |     3 ||     3
       Potion            |       |     1 ||     1
 Stab: Sleeping          |     1 |       ||     1
Armor: Skin              |    10 |       ||    10
Dodge: Dodged            |    19 |       ||    19

Table legend: (Time is in decaauts)
 A = Elapsed time spent in this place.
 B = Non-inter-level travel time spent in this place.
 C = Inter-level travel time spent in this place.
 D = Time resting spent in this place.
 E = Time spent auto-exploring this place.
 F = Levels seen in this place.
 G = Mean time per level.
                   A        B        C        D        E       F      G
               +--------+--------+--------+--------+--------+-----+--------+
         Total |   2352 |   2256 |     96 |      0 |   2064 |   3 |  784.0 |
       Dungeon |   2352 |   2256 |     96 |      0 |   2064 |   3 |  784.0 |
               +--------+--------+--------+--------+--------+-----+--------+

Top non-repeatable levels by time:
     D:1: 1312 daAuts
     D:2: 1017 daAuts
     D:3: 22 daAuts
